[Event "Annex CC Relax and Unwind Swiss"]
[Site "Toronto CAN"]
[Date "2018.07.30"]
[Round "1"]
[White "Cohen, David"]
[Black "Guo, Josh"]
[Result "0-1"]
[ECO "E71"]
[WhiteElo "1872"]
[BlackElo "2234"]
[PlyCount "140"]
[EventDate "2018.07.30"]
[EventType "swiss"]
[EventRounds "5"]
[EventCountry "CAN"]
[TimeControl "5400+30"]

1. d4 Nf6 2. c4 g6 3. Nc3 Bg7 4. e4 d6 5. h3 O-O 6. Be3 Nbd7 7. Bd3 e5 8. d5
Nc5 9. Nge2 Nh5 10. g4 Nf4 11. Nxf4 exf4 12. Bxf4 Bxc3+ 13. bxc3 Qf6 14. Be3
Qxc3+ 15. Ke2 Re8 16. f3 f5 17. gxf5 Bxf5 18. Qd2 Qxd3+ 19. Qxd3 Nxd3 20. Kxd3
Bd7 21. Rab1 b6 22. Bh6 Re5 23. h4 Rh5 24. Bg5 Kf7 25. Be3 c6 26. Rbc1 Rc8 27.
Bf4 Ke7 28. Bg5+ Ke8 29. Bf4 cxd5 30. Bxd6 dxc4+ 31. Kc3 Rc6 32. Bg3 Ra5 33.
Kd4 Rxa2 34. Rxc4 Rxc4+ 35. Kxc4 Be6+ 36. Kd4 Ra3 37. Bb8 b5 38. f4 b4 39. h5
a5 40. hxg6 hxg6 41. Bd6 Kd7 42. Ke5 Bg4 43. Rc1 Ra2 44. Rc7+ Kd8 45. Kf6 b3
46. Rb7 a4 47. Be5 Bf3 48. Ke6 Rc2 49. Bf6+ Kc8 50. Rb4 Rc6+ 51. Kf7 Rxf6+ 52.
Kxf6 Bxe4 53. Rxa4 b2 54. Rc4+ Kd7 55. Rxe4 b1=Q 56. Re7+ Kd8 57. Re5 Qf1 58.
Re4 Qf3 59. Rd4+ Ke8 60. Kxg6 Qe3 61. Ra4 Qb6+ 62. Kg7 Qc7+ 63. Kg8 Qc6 64. Rb4
Qg6+ 65. Kh8 Qd6 66. Ra4 Kf7 67. Ra7+ Kf6 68. Ra8 Qc6 69. Rf8+ Ke7 70. Rb8 Kf7
0-1

[Event "Annex CC Relax and Unwind Swiss"]
[Site "Toronto CAN"]
[Date "2018.08.13"]
[Round "2"]
[White "Bitton, Michael"]
[Black "Cohen, David"]
[Result "0-1"]
[ECO "D32"]
[WhiteElo "1882"]
[BlackElo "1872"]
[PlyCount "130"]
[EventDate "2018.07.30"]
[EventType "swiss"]
[EventRounds "5"]
[EventCountry "CAN"]
[TimeControl "5400+30"]

1. d4 d5 2. c4 e6 3. Nc3 c5 4. cxd5 exd5 5. dxc5 Nf6 6. Bg5 Bxc5 7. e3 Be6 8.
Bb5+ Nc6 9. Nf3 O-O 10. O-O Rc8 11. Rc1 Be7 12. a3 a6 13. Ba4 b5 14. Bb3 Na5
15. Bxf6 Bxf6 16. Bxd5 Rxc3 17. bxc3 Qxd5 18. a4 Nb3 19. Rb1 Qxd1 20. Rfxd1
Bxc3 21. axb5 axb5 22. h3 h6 23. Nd4 Nxd4 24. exd4 b4 25. g4 Rd8 26. Kg2 Bd5+
27. f3 g5 28. Kf2 Re8 29. Rd3 Kf8 30. Rbd1 Bb3 31. Rc1 Bc4 32. Rdxc3 bxc3 33.
Rxc3 Re2+ 34. Kg3 Bd5 35. Rc5 Be6 36. d5 Bd7 37. h4 Ke7 38. hxg5 Kd6 39. Ra5
hxg5 40. Ra3 Rd2 41. Ra6+ Ke5 42. Ra7 Rxd5 43. Ra8 Be6 44. Rg8 f6 45. Re8 Kd6
46. Rd8+ Bd7 47. Kf2 Rd3 48. Rb8 Ke5 49. Rb6 Be6 50. Rb5+ Bd5 51. Ke2 Rc3 52.
Ra5 Kd4 53. Ra4+ Bc4+ 54. Kf2 Rc2+ 55. Kg3 Ke3 56. Ra3+ Bd3 57. Rb3 Rc4 58. Ra3
Rf4 59. Kg2 Rxf3 60. Rxd3+ Kxd3 61. Kxf3 Kd4 62. Kf2 Ke4 63. Kg3 Ke3 64. Kg2
Kf4 65. Kh3 Kf3 0-1

[Event "Grand Pacific op"]
[Site "Victoria CAN"]
[Date "2018.03.31"]
[Round "2.4"]
[White "Hemstapat, Andrew"]
[Black "Doknjas, John"]
[Result "1-0"]
[ECO "B99"]
[WhiteElo "2166"]
[BlackElo "2291"]
[PlyCount "121"]
[EventDate "2018.03.30"]
[EventType "swiss"]
[EventRounds "6"]
[EventCountry "CAN"]
[TimeControl "300"]

1. e4 c5 2. Nf3 d6 3. d4 cxd4 4. Nxd4 Nf6 5. Nc3 a6 6. Bg5 e6 7. f4 Qb6 8. Nb3
Nbd7 9. Qf3 Be7 10. O-O-O Qc7 11. Nd4 O-O 12. g4 b5 13. Bxf6 Nxf6 14. g5 Nd7
15. Bd3 Nc5 16. Rhg1 b4 17. Nce2 a5 18. Kb1 a4 19. f5 a3 20. f6 Bd8 21. Qh5
axb2 22. e5 Nxd3 23. Rxd3 Qa5 24. Kxb2 Qxe5 25. Rg4 Ra3 26. Rh4 h6 27. fxg7
Qxg7 28. gxh6 Qf6 29. Rf4 Qe5 30. Qf3 Rxd3 31. cxd3 f5 32. h4 Kh7 33. Kb1 Rg8
34. Nc6 Qf6 35. Nxd8 Qxd8 36. Qc6 Qd7 37. Qb6 Rg2 38. Rc4 Kxh6 39. Rc7 Rxe2 40.
Rxd7 Bxd7 41. Qxd6 Bb5 42. Qf4+ Kh7 43. Qf3 Re1+ 44. Kb2 Be8 45. Qb7+ Kg6 46.
Qxb4 Re2+ 47. Kb3 Bc6 48. a4 Bd5+ 49. Kc3 Kh5 50. Qe7 Kg4 51. Qg5+ Kf3 52. h5
Rh2 53. h6 f4 54. Qg7 Ke2 55. h7 Rh1 56. h8=Q Rxh8 57. Qxh8 f3 58. Qh5 Ke1 59.
Qe5+ Kf1 60. Kd2 f2 61. Qg3 1-0

[Event "Sherbrooke op"]
[Site "Sherbrooke CAN"]
[Date "2018.05.26"]
[Round "3"]
[White "Hebert, Jean"]
[Black "Javidfard, Amirsalar"]
[Result "1-0"]
[ECO "A14"]
[WhiteElo "2427"]
[BlackElo "2192"]
[PlyCount "55"]
[EventDate "2018.05.25"]
[EventType "swiss"]
[EventRounds "5"]
[EventCountry "CAN"]
[TimeControl "600+5"]

1. Nf3 Nf6 2. c4 e6 3. g3 d5 4. b3 c5 5. Bg2 Nc6 6. O-O Be7 7. e3 d4 8. exd4
cxd4 9. d3 Nd7 10. a3 a5 11. Ra2 O-O 12. Re2 Qb6 13. Nbd2 h6 14. Rfe1 Rd8 15.
g4 Nf8 16. Ne4 Ng6 17. g5 hxg5 18. Nexg5 e5 19. Nxe5 Ncxe5 20. Rxe5 Nxe5 21.
Rxe5 Qc7 22. Qe2 Bxg5 23. Bxg5 Rf8 24. Re7 Qc5 25. Bd5 Bf5 26. Qe5 Be6 27. Rxe6
Qxa3 28. Rg6 1-0